 Dungeon Crawl Stone Soup version 0.23-a0-644-gb60d84b (webtiles) character file.

220 Borgoz the Sneak (level 6, 0/39 HPs)
             Began as a Halfling Assassin on Jan 1, 2019.
             Was an Initiate of Dithmenos.
             Slain by an orc priest
             ... wielding a +0 flail
              (5 damage)
             ... on level 3 of the Dungeon.
             The game lasted 00:05:26 (3371 turns).

Borgoz the Sneak (Halfling Assassin)                Turns: 3371, Time: 00:05:26

Health: 0/39       AC:  3    Str: 13    XL:     6   Next: 18%
Magic:  6/6        EV: 15    Int:  9    God:    Dithmenos [......]
Gold:   176        SH:  0    Dex: 17    Spells: 5/5 levels left

rFire    . . .     SeeInvis .   a - +2 short sword (drain)
rCold    . . .     Gourm    .   (shield restricted)
rNeg     . . .     Faith    .   c - +0 robe
rPois    .         Spirit   .   (no helmet)
rElec    .         Reflect  .   d - +0 cloak
rCorr    .         Harm     .   (no gloves)
MR       .....                  (no boots)
Stlth    +++.......             (no amulet)
HPRegen  0.13/turn              (no ring)
MPRegen  0.10/turn              (no ring)

@: hasted, very quick
A: small, mutation resistance 1
a: Renounce Religion


You were on level 3 of the Dungeon.
You worshipped Dithmenos.
Dithmenos was noncommittal.
You were not hungry.

You visited 1 branch of the dungeon, and saw 3 of its levels.

You collected 176 gold pieces.

Inventory:

Hand Weapons
 a - a +2 short sword of draining (weapon)
 b - a +0 blowgun
Missiles
 e - 8 poisoned needles
 f - 2 curare-tipped needles
Armour
 c - a +0 robe (worn)
 d - a +0 cloak (worn)
Wands
 o - a wand of polymorph (5)
Scrolls
 h - 3 scrolls of magic mapping {unknown}
 i - 4 scrolls of identify {unknown}
 k - a scroll of teleportation {unknown}
 n - a scroll of fear {unknown}
 p - a scroll of enchant weapon {unknown}
 q - 2 scrolls of random uselessness {unknown}
 t - a scroll of remove curse {unknown}
 u - a scroll of fog {unknown}
Potions
 j - a potion of lignification {unknown}
 l - 3 potions of haste
 m - a potion of heal wounds {unknown}
 r - a potion of flight {unknown}
 s - a potion of brilliance {unknown}
Comestibles
 g - 3 rations
 v - 3 chunks of flesh


   Skills:
 + Level 2.3 Fighting
 + Level 4.3 Short Blades
 - Level 2.0 Throwing
 + Level 2.7 Dodging
 + Level 6.3 Stealth


You had 5 spell levels left.
You didn't know any spells.
Your spell library was empty.

Dungeon Overview and Level Annotations

Branches:
Dungeon (3/15)

Altars:
Dithmenos
Ru

Annotations:
D:3 3 runed doors, azzavlup's ghost, amateur DsGl


Innate Abilities, Weirdness & Mutations

You are small and have problems with some larger weapons.
You are somewhat resistant to further mutation.


Message History

The orc priest barely misses you.
You puncture the orc priest!
The orc priest is severely wounded.
You hit the orc priest.
The orc priest is almost dead.
The orc priest invokes the aid of Beogh against you.
Beogh smites you!
You hit the orc priest but do no damage.
The orc priest is almost dead.
The orc priest drinks a potion.
The orc priest is healed!
You closely miss the orc priest.
The orc priest is moderately wounded.
The orc priest invokes the aid of Beogh against you.
Beogh smites you!
* * * LOW HITPOINT WARNING * * *
You are too injured to fight recklessly!
You are too injured to fight recklessly!
It was a potion of haste.
You feel yourself speed up.
The orc priest hits you with a +0 flail.
You die...

#.#.......#.#
#.#.......#.#
#.#...)$..#.#
#.#.......#.#
#.#########.#
#...........#
#############
########
#############.......
#wo@........'.......
#s###########.(.....
.............#
#.......
......w......#
#.......
.............#
#.......
.............#
#.......
#######'######
#....... #.#
#....... #.#
#.......


You could see a worm, an orc priest and a giant cockroach.

Vanquished Creatures
  Terence (D:3)
  Jessica (D:3)
  An orc wizard (D:3)
  Robin (D:3)
  2 worms (D:2)
  3 dart slugs
  6 leopard geckos
  6 orcs
  6 giant cockroaches
  15 goblins
  11 hobgoblins
  12 jackals
  2 quokkas
  3 ball pythons
  6 bats
  8 frilled lizards
  10 kobolds
  5 rats
99 creatures vanquished.

Notes
Turn   | Place    | Note
-------+----------+-------------------------------------------
     0 | D:1      | Borgoz the Halfling Assassin began the quest for the Orb.
     0 | D:1      | Reached XP level 1. HP: 14/14 MP: 1/1
    97 | D:1      | Reached XP level 2. HP: 7/19 MP: 2/2
   409 | D:1      | Reached skill level 5 in Stealth
   793 | D:1      | Reached XP level 3. HP: 24/24 MP: 3/3
  1303 | D:2      | Reached XP level 4. HP: 29/29 MP: 4/4
  1954 | D:3      | Noticed Robin
  2354 | D:3      | Found a shadowy altar of Dithmenos.
  2375 | D:3      | Became a worshipper of Dithmenos the Shadowed
  2420 | D:3      | Reached XP level 5. HP: 34/34 MP: 5/5
  2486 | D:3      | Found a runed gate.
  2486 | D:3      | Found a runed gate.
  2486 | D:3      | Found a runed gate.
  2495 | D:3      | Noticed an ogre
  2496 | D:3      | Noticed azzavlup's ghost (amateur DsGl)
  2553 | D:3      | Found a sacrificial altar of Ru.
  2555 | D:3      | Noticed Terence
  2561 | D:3      | Noticed Jessica
  2811 | D:3      | Killed Jessica
  2811 | D:3      | Reached skill level 6 in Stealth
  2817 | D:3      | Killed Terence
  2895 | D:3      | Killed Robin
  2909 | D:3      | HP: 1/34 [something/magic dart (6)]
  3218 | D:3      | Reached XP level 6. HP: 39/39 MP: 6/6
  3371 | D:3      | Slain by an orc priest

Vault maps used:
D:1:      elethiomel_arrival_quiet, minmay_splitting_lines
D:2:      minmay_cut_off
D:3:      old_standard_altar, gammafunk_ghost_split, grunt_dithmenos_smoke,
          uniq_robin, uniq_terence, uniq_jessica

Skill      XL: |  1  2  3  4  5 |
---------------+----------------+-----
Stealth        | 5 6 |  6.3
Fighting       | 2 |  2.3
Short Blades   | 3 4 |  4.3
Dodging        | 2 |  2.7
Throwing       | |  2.0

Action                   |  1- 3 |  4- 6 || total
-------------------------+-------+-------++-------
Melee: Dagger            |    71 |       ||    71
       Short sword       |    27 |   179 ||   206
       Unarmed           |       |     3 ||     3
  Use: Potion            |       |     1 ||     1
 Stab: Sleeping          |    14 |    10 ||    24
  Eat: Chunk             |     1 |     7 ||     8
Armor: Robe              |    17 |    28 ||    45
       Skin              |       |     1 ||     1
Dodge: Dodged            |    60 |   133 ||   193

Table legend:
 A = Non-vault XP
 B = Vault XP
 C = Vault XP percentage of total XP
 D = Non-vault monster count
 E = Vault monster count
 F = Vault count percentage of total count
                 A         B        C        D         E       F
            +---------+---------+-------+---------+---------+-------
      Total |     196 |     119 |  37.8 |      81 |      18 |  18.2
            +---------+---------+-------+---------+---------+-------
        D:1 |      40 |       0 |   0.0 |      22 |       0 |   0.0
        D:2 |      51 |      11 |  17.7 |      26 |       6 |  18.8
        D:3 |     105 |     108 |  50.7 |      33 |      12 |  26.7
            +---------+---------+-------+---------+---------+-------
